[Event "Late-Titled-Tuesday-Blitz-February-13-2024"]
[Site "Chess.com"]
[Date "2024.02.13"]
[Round "11"]
[White "IngOscarArdila"]
[Black "VitorBronson"]
[Result "1/2-1/2"]
[WhiteElo "2325"]
[BlackElo "2491"]
[TimeControl "180+1"]
[EndTime "16:06:47 PST"]
[Termination "Game drawn - insufficient material"]

1. d4 d5 2. c4 c6 3. cxd5 cxd5 4. Nc3 Nf6 5. Nf3 Nc6 6. Bf4 a6 7. e3 Bf5 8. Bd3 Bxd3 9. Qxd3 e6 10. O-O Bd6 11.
Bxd6 Qxd6 12. a3 O-O 13. Na4 Na5 14. Ne5 b5 15. Nc5 Nc4 16. Nxc4 dxc4 17. Qc2 e5 18. dxe5 Qxe5 19. b4 Ng4 20. g3 Qh5 21. h4 g5 22.
Qf5 f6 23. Rad1 Nh6 24. Qe6+ Kh8 25. Nd7 gxh4 26. Nxf8 Rxf8 27. Qe7 Rf7 28. Rd8+ Kg7 29. Qe8 hxg3 30. Qh8+ Kg6 31. fxg3 Ng4 32. Rg8+ Kh6 33. Rxg4 Qxg4 34. Kg2 Qe4+ 35. Rf3 c3 36. Qg8 Qg6 37. Qc8 c2 38. Rf4 Kg7 39. e4 f5 40. Qxc2 fxe4 41. Qc3+ Kg8 42. Qc8+ Kg7 43. Qc3+ Rf6 44.
Qc7+ Qf7 45. Qxf7+ Rxf7 46. Rxe4 Rc7 47. Re6 Rc2+ 48.
Kh3 Rc3 49. Rxa6 Re3 50. Rb6 Rxa3 51. Rxb5 Rb3 52. Rb6 Rb1 53. b5 h6 54. Kg4 Rb4+ 55.
Kf5 Rb3 56. g4 Rf3+ 57. Ke5 Re3+ 58. Kf4 Rb3 59. Kf5 Rf3+ 60. Ke5 Rb3 61. Kd5 Rb4 62. Kc5 Rxg4 63. Rb7+ Kg6 64. b6 Rg1 65. Rb8 Rc1+ 66. Kd6 Rd1+ 67. Ke5 Re1+ 68. Kd4 Rd1+ 69. Kc3 Rb1 70.
b7 Kg7 71. Kd4 h5 72. Ke4 h4 73. Kf3 h3 74. Kg3 Rb3+ 75. Kh2 Kh7 76. Rc8 Rxb7 77. Kxh3 Rb3+ 78. Kg2 Rb2+ 79. Kf3 Rb3+ 80. Ke4 Rb4+ 81. Kd3 Rb1 82. Kd2 Rb2+ 83. Ke3 Rb3+ 84. Ke2 Rb2+ 85.
Ke3 Rb3+ 86. Ke2 Rb7 87. Rc6 Re7+ 88. Kf2 Kg7 89. Kf3 Rf7+ 90. Ke3 Re7+ 91. Kd2 Rb7 92. Kc2 Rf7 93. Kd2 Rf2+ 94. Ke3 Rf6 95. Rxf6 Kxf6 1/2-1/2

[Event "Late-Titled-Tuesday-Blitz-February-13-2024"]
[Site "Chess.com"]
[Date "2024.02.13"]
[Round "11"]
[White "noblerone"]
[Black "Hilary46"]
[Result "0-1"]
[WhiteElo "2478"]
[BlackElo "2618"]
[TimeControl "180+1"]
[EndTime "16:06:49 PST"]
[Termination "Hilary46 won by resignation"]

1. d4 Nf6 2. Nf3 d5 3. Bg5 Ne4 4. Bf4 c5 5. e3 Qb6 6. Nc3 Nxc3 7. bxc3 c4 8. Be2 Qa5 9. Qd2 h6 10. O-O Bf5 11. a4 e6 12. Rfb1 b6 13. Rb5 Qa6 14.
Qc1 Nc6 15. Qb2 Be7 16. Ne5 Na5 17. h3 O-O 18. Bf3 Rac8 19. Bg3 Rfd8 20. Bh5 g6 21. Bf3 h5 22. Be2 Kg7 23. Nf3 Nb7 24. Bh4 f6 25. Bg3 g5 26. Nd2 Bd6 27. Bxh5 Bxg3 28. fxg3 Nd6 29. Bf3 Nxb5 30. axb5 Qb7 31. Qa3 Rc7 32. Qa2 Qc8 33. Re1 Qd7 34. Qb2 Bg6 35. e4 Re8 36. e5 Rf8 37. exf6+ Rxf6 38. Bg4 Bf5 39. Nf3 Bxg4 40.
hxg4 Qd6 41. Re5 Rg6 42. Qc1 Rf7 43. Qe3 Rff6 44. Nxg5 Qd7 45. Nf3 Qxb5 46. g5 Rf7 47. Rxe6 Rxe6 48. Qxe6 Qd7 49. Qh6+ Kg8 50. Ne5 Qe7 51.
Nxf7 Qxf7 52. Qd6 Kg7 53. Qe5+ Kg6 54. Kh2 Qf5 55. g4 Qxe5+ 56. dxe5 a5 57. e6 a4 58. Kg3 a3 59. e7 Kf7 60. Kf4 a2 61. g6+ Kxe7 62. Kg5 a1=Q 63. Kh6 Qxc3 64. g5 Kf8 65. Kh5 Qg7 66. g4 Ke7 67. c3 Ke6 68. Kh4 Qxg6 69. Kg3 Qxg5 70. Kf3 Ke5 71. Ke2 Qxg4+ 72.
Kf2 Qh3 73. Ke2 Qxc3 74. Kd1 b5 75. Ke2 b4 76. Kd1 Kd6 77. Ke2 Kc5 78. Kd1 Kb5 79.
Ke2 Qd3+ 80. Ke1 Qc2 0-1

[Event "Late-Titled-Tuesday-Blitz-February-13-2024"]
[Site "Chess.com"]
[Date "2024.02.13"]
[Round "11"]
[White "Doomfist26"]
[Black "xakevicius91"]
[Result "0-1"]
[WhiteElo "2639"]
[BlackElo "2540"]
[TimeControl "180+1"]
[EndTime "16:06:52 PST"]
[Termination "xakevicius91 won by checkmate"]

1. e4 c5 2. Nf3 a6 3. c3 g6 4. d4 cxd4 5. cxd4 d5 6. e5 Bg4 7.
Nc3 Nc6 8. Be2 e6 9. O-O Bg7 10. h3 Bxf3 11. Bxf3 Nge7 12. Bg5 O-O 13. Qd2 f6 14.
exf6 Bxf6 15. Bh6 Rf7 16. Be3 Nf5 17. Bg4 Nfxd4 18. Rae1 Qd6 19. f4 Bg7 20. Ne2 Nf5 21. Bxf5 exf5 22. Rd1 Re7 23. Nd4 Rae8 24. Bf2 Bxd4 25.
Bxd4 Re2 26. Qc3 Qb4 27. Qxb4 Nxb4 28. Be5 Nc6 29. Rxd5 Nxe5 30. fxe5 R2xe5 31. Rd7 R8e7 32. Rfd1 Kg7 33. Rxe7+ Rxe7 34. Kf2 h5 35. Rd6 h4 36. Rb6 Kh6 37. Kf3 Kg5 38. Kf2 Rc7 39. Kf3 Rd7 40.
a3 Kh6 41. Kf4 Kh5 42. Kf3 Kh6 43. Kf4 Rd2 44. Kf3 Kg5 45. Rxb7 Rd3+ 46. Ke2 Rg3 47. Kf2 Rd3 48. Ke2 Rd5 49. Rb6 a5 50. a4 Rd4 51. b3 Kf4 52. Rb5 Re4+ 53. Kf2 Rd4 54. Rxa5 Rd2+ 55. Ke1 Rxg2 56. Ra6 g5 57. Rh6 Rb2 58. a5 Rxb3 59. a6 Ra3 60. Kd2 Kg3 61.
Rh5 g4 62. hxg4 fxg4 63. Rh6 h3 64. Kc2 Kg2 65. Kb2 Ra5 66. Kb3 g3 67. Kb4 Ra2 68. Kb5 h2 69. Kb6 Kg1 70. Rc6 Rxa6+ 71. Kxa6 g2 72. Rc1+ Kf2 73. Rc2+ Kf3 74. Rc3+ Ke4 75. Rc4+ Ke5 76. Rc5+ Ke6 77. Rc6+ Ke7 78. Rc7+ Kf8 79. Rc8+ Kf7 80. Rc7+ Ke6 81. Rc6+ Kd5 82. Kb5 g1=Q 83. Rc5+ Kd6 84. Rc6+ Kd7 85. Rc4 h1=Q 86. Kb4 Qb7+ 87. Kc3 Qe3+ 88. Kc2 Qbb3# 0-1

[Event "Late-Titled-Tuesday-Blitz-February-13-2024"]
[Site "Chess.com"]
[Date "2024.02.13"]
[Round "11"]
[White "dawid498"]
[Black "kuli4ik"]
[Result "1/2-1/2"]
[WhiteElo "2706"]
[BlackElo "2845"]
[TimeControl "180+1"]
[EndTime "16:07:08 PST"]
[Termination "Game drawn - insufficient material"]

1. e4 c5 2. Nf3 Nc6 3. d4 cxd4 4. Nxd4 Qa5+ 5. Nc3 Nf6 6. Nb3 Qc7 7. Bd3 e6 8. f4 Bb4 9. O-O Bxc3 10. bxc3 d6 11. c4 b6 12. Bb2 Bb7 13. Qf3 e5 14.
fxe5 dxe5 15. Qg3 Nh5 16. Qg5 g6 17. c5 O-O 18. Bc4 Kh8 19. Bd5 f6 20. Qh6 Ne7 21.
Bxb7 Qxb7 22. cxb6 axb6 23. Qe3 Kg8 24. a3 Nf4 25.
Rad1 Ra4 26. Rfe1 Rc4 27. Rd2 Rfc8 28. Qf2 Rxe4 29. Red1 Rec4 30. Rd7 R4c7 31. Rxc7 Qxc7 32. Rd2 Nf5 33. h3 Qc6 34. Nc1 Rc7 35. Nd3 Nxd3 36.
Rxd3 Qxc2 37. Qxb6 Kg7 38. Qb3 Qe2 39. Rc3 Rd7 40. Rc2 Qd1+ 41. Kh2 h5 42. Rc3 Qe1 43. Qc2 h4 44. Rc7 Rxc7 45. Qxc7+ Kh6 46. Qc1+ Qxc1 47. Bxc1+ g5 48. a4 Nd6 49. a5 Nb5 50. Be3 Nc7 51. Bb6 Na6 52. g4 hxg3+ 53. Kxg3 Kg6 54. h4 f5 55.
hxg5 Kxg5 56. Bd8+ Kg6 57. Kf3 Kf7 58. Bb6 Ke6 59.
Ke3 Kd5 60. Kf3 Ke6 61. Ke3 Nb4 62. Kf3 Kd5 63. Ke3 Ke6 64. Kf3 e4+ 65. Ke2 f4 66. Bc7 Kf5 67. Bd6 Na6 68. Kf2 Kg4 69. Ke2 Kf5 70.
Kf2 Kg5 71. Ke2 Kg4 72. Kf2 Kf5 73. Ke2 e3 74. Kf3 Ke6 75. Bxf4 Nb4 76. Bxe3 Kd5 77.
Bb6 Na6 78. Ke3 Kc6 79. Kd3 Kb5 80. Kd4 Nb4 81. Ke5 Nc6+ 82. Kd6 Nxa5 1/2-1/2

[Event "Late-Titled-Tuesday-Blitz-February-13-2024"]
[Site "Chess.com"]
[Date "2024.02.13"]
[Round "11"]
[White "Bigfish1995"]
[Black "BogdanDeac"]
[Result "1/2-1/2"]
[WhiteElo "3166"]
[BlackElo "3039"]
[TimeControl "180+1"]
[EndTime "16:07:10 PST"]
[Termination "Game drawn - insufficient material"]

1. e4 e5 2. Nf3 Nf6 3. Nxe5 d6 4. Nf3 Nxe4 5. d3 Nf6 6. d4 g6 7. Bd3 Bg7 8. O-O O-O 9. h3 Re8 10. Nc3 Nc6 11. a3 Ne7 12. Re1 Bf5 13. Bf1 h6 14.
d5 Bd7 15. a4 Nf5 16. Rxe8+ Qxe8 17. Qd3 Ne7 18. Qc4 Qd8 19. a5 a6 20. Qb3 Rb8 21.
Be3 Qc8 22. Nd4 c5 23. Nf3 Nf5 24. Bf4 g5 25. Bh2 g4 26. hxg4 Nxg4 27. Bf4 Nd4 28.
Nxd4 Bxd4 29. Bg3 Qd8 30. Qb6 Qxb6 31. axb6 Re8 32. Bd3 f5 33. Kf1 f4 34. Bxf4 Nxf2 35. Bg6 Rf8 36. Ne2 Ng4 37. g3 Bxb2 38. Rb1 Be5 39.
Ke1 Bxf4 40. Nxf4 Ne5 41. Be4 a5 42. Ke2 a4 43. Ne6 Ra8 44. Nc7 Ra5 45. Ra1 Nc4 46. Bd3 Nxb6 47. c4 a3 48. Kd2 a2 49. Kc2 Ra3 50.
Bf1 Ba4+ 51. Kb2 Rf3 52. Kxa2 Kf7 53. Kb2 Ke7 54. Ne6 Rf2+ 55. Kc3 Rf3+ 56. Kd2 Rxg3 57. Be2 Rb3 58. Nf4 Rb2+ 59. Ke3 Bb3 60. Ra8 Nxc4+ 61. Bxc4 Bxc4 62. Rh8 Rb3+ 63. Ke4 b5 64. Rh7+ Kd8 65. Rxh6 Rb1 66. Rxd6+ Ke7 67. Rc6 Re1+ 68. Kf5 Kd7 69. Rxc5 Rf1 70. Ke5 Re1+ 71. Kd4 Rd1+ 72. Kc3 Rc1+ 73.
Kb4 Ra1 74. Rc6 Bxd5 75. Rb6 Ra4+ 76. Kc5 Rxf4 77. Kxd5 Rf5+ 78. Kd4 Kc7 79. Rh6 Rg5 80. Kc3 Rg4 81. Kb3 Rc4 82. Rf6 Rc6 83. Rf5 Kb6 84. Rf4 Rh6 85. Kb4 Rc6 86. Re4 Rd6 87. Rf4 Re6 88.
Rg4 Rc6 89. Rh4 Rc4+ 90. Rxc4 bxc4 91. Kxc4 1/2-1/2

[Event "Late-Titled-Tuesday-Blitz-February-13-2024"]
[Site "Chess.com"]
[Date "2024.02.13"]
[Round "11"]
[White "GMKrikor"]
[Black "Hrant_ChessMood"]
[Result "1/2-1/2"]
[WhiteElo "2840"]
[BlackElo "2954"]
[TimeControl "180+1"]
[EndTime "16:07:16 PST"]
[Termination "Game drawn by repetition"]

1. Nf3 c5 2. c4 g6 3. d4 cxd4 4.
Nxd4 Nf6 5. Nc3 Nc6 6. e4 Nxd4 7. Qxd4 d6 8. Be2 Bg7 9. O-O O-O 10. Bg5 a5 11. Qe3 a4 12. Rac1 Qa5 13. Rfd1 Be6 14. h3 Rfc8 15. Nd5 Bxd5 16. exd5 Qb4 17. Rb1 Re8 18. Qd3 Nd7 19. Bd2 Qb6 20. b4 axb3 21.
axb3 Ra2 22. Be3 Qb4 23. Bd2 Qa3 24. b4 Qa7 25. Be3 b6 26. Bf1 Ra8 27. Qe4 Bf6 28. h4 h5 29. g3 Ne5 30. c5 bxc5 31. bxc5 Ra4 32. Qg2 Ng4 33. Bf4 Qxc5 34. Be2 Rxf4 35. gxf4 Bxh4 36. Bxg4 hxg4 37. Rbc1 Qa7 38. Ra1 Qxa1 39.
Rxa1 Rxa1+ 40. Kh2 f5 41. f3 g3+ 42. Kh3 Bf6 43.
Kxg3 Kg7 44. Qe2 Ra4 45. Qd2 Rd4 46. Qe3 Rxd5 47. Qb3 Rd4 48. Qe6 Rd2 49. Qe3 Rd4 50. Qe6 Rb4 51. Qe3 Rb5 52. Qe6 Rc5 53. Qd7 d5 54.
Qe6 d4 55. Qe2 Rc3 56. Qd2 Rc6 57. Qd3 Rd6 58. Kf2 Re6 59. Qc4 Re3 60. Qd5 Ra3 61. Qc5 Ra2+ 62. Kg3 d3 63. Qd5 d2 64. Kh3 Rb2 65.
Kg3 Rc2 66. Kh3 Bc3 67. Qd7 Bb4 68. Qd4+ Kg8 69. Qd5+ Kf8 70. Qd8+ Kg7 71. Qd5 Kh7 72. Qd3 Rc6 73. Qe2 Re6 74. Qxe6 d1=Q 75. Qf7+ Kh6 76. Qf8+ Kh7 77. Qf7+ Kh6 78. Qf8+ Kh7 79. Qf7+ 1/2-1/2

[Event "Late-Titled-Tuesday-Blitz-February-13-2024"]
[Site "Chess.com"]
[Date "2024.02.13"]
[Round "11"]
[White "ChadBiryani"]
[Black "Qingdom"]
[Result "0-1"]
[WhiteElo "2437"]
[BlackElo "2259"]
[TimeControl "180+1"]
[EndTime "16:07:17 PST"]
[Termination "Qingdom won by checkmate"]

1. d4 Nf6 2. Bg5 c5 3. d5 Qb6 4. Nd2 Nxd5 5. Rb1 e6 6. e4 Be7 7. h4 Nf6 8. e5 Nd5 9. Nc4 Qc7 10. Bxe7 Kxe7 11. Qg4 g6 12. Qg5+ f6 13. Qh6 Kf7 14.
Nf3 b5 15. Nd6+ Kg8 16. Bd3 fxe5 17. Nxb5 Qa5+ 18. c3 Nc6 19. Bxg6 hxg6 20. Qxg6+ Kf8 21. Ng5 Nd8 22. Nd6 Ke7 23. Nde4 Rf8 24. Qg7+ Nf7 25. Nh7 Ba6 26. Nxf8 Rxf8 27. Kd2 Qb5 28. Kc1 Qe2 29.
Nxc5 Nf4 30. Rd1 Bd3 31. Nxd3 Nxd3+ 32. Rxd3 Qxd3 33. h5 Qf1+ 34. Kc2 Qxf2+ 35. Kb3 Rb8+ 36. Ka3 Qc5+ 37. b4 Qxc3+ 38. Rb3 Qc1+ 39. Ka4 Qc6+ 40. Ka3 a5 41. Qg4 axb4+ 42. Kb2 Qc5 43. h6 Qd4+ 44.
Qxd4 exd4 45. Rh3 Rh8 46. h7 Kf6 47. Kb3 Kg7 48. Kxb4 Rxh7 49. Rd3 Rh2 50. Rg3+ Kf6 51. a4 Rh1 52. Ra3 Rb1+ 53. Kc4 e5 54. a5 Ke6 55. a6 Nd6+ 56. Kd3 Rb8 57. a7 Ra8 58. g4 Nb5 59. Ra5 Nxa7 60. Ke4 Rg8 61. Rxe5+ Kd6 62.
Rd5+ Kc6 63. g5 Re8+ 64. Re5 Rxe5+ 65. Kxe5 d3 66. g6 d2 67. g7 d1=Q 68. g8=Q Qe2+ 69. Kf4 Qf2+ 70. Ke4 Qe2+ 71. Kf4 Qe6 72. Qa8+ Kb6 73. Qb8+ Ka6 74. Qb2 Nc6 75. Qa3+ Kb7 76. Qb2+ Kc7 77.
Qc3 Qd6+ 78. Kf3 Qd5+ 79. Kf2 Qd4+ 80. Qxd4 Nxd4 81. Ke3 Ne6 82. Ke4 Kd6 83. Kd3 Nc5+ 84. Kc4 Kc6 85. Kd4 d5 86. Kc3 Kd6 87. Kd4 Ne6+ 88. Kd3 Ke5 89. Ke3 d4+ 90. Kd3 Kd5 91. Kd2 Ke4 92. Ke2 d3+ 93. Kd2 Kd4 94. Kd1 Ke3 95.
Kc1 Ke2 96. Kb2 d2 97. Kc3 d1=Q 98. Kc4 Qc2+ 99. Kb4 Kd3 100. Ka3 Qb1 101. Ka4 Kc4 102. Ka5 Qb5# 0-1

[Event "Late-Titled-Tuesday-Blitz-February-13-2024"]
[Site "Chess.com"]
[Date "2024.02.13"]
[Round "11"]
[White "N_I_Chess"]
[Black "koncheto"]
[Result "1/2-1/2"]
[WhiteElo "2275"]
[BlackElo "2451"]
[TimeControl "180+1"]
[EndTime "16:07:52 PST"]
[Termination "Game drawn by repetition"]

1. d4 e5 2. dxe5 Nc6 3. Nf3 Qe7 4. Bf4 Qb4+ 5. Bd2 Qxb2 6. Nc3 Bb4 7. Rb1 Qxc3 8. Bxc3 Bxc3+ 9. Nd2 Bxe5 10. e3 Nf6 11. Bd3 O-O 12. O-O d5 13. e4 Be6 14. f4 Bd4+ 15. Kh1 dxe4 16. Nxe4 Ng4 17. f5 Ne3 18.
Qh5 g6 19. Qh4 Nxf5 20. Rxf5 Bxf5 21. Ng5 h5 22. Bxf5 Bf6 23. Bd3 Ne5 24. Qf4 Bg7 25. Ne4 Rad8 26. Nf6+ Bxf6 27. Qxf6 Nxd3 28. cxd3 Rxd3 29.
h3 b6 30. Re1 Rfd8 31. Re7 Rf8 32. Qf4 Ra3 33. Qc4 c5 34. Rb7 Ra5 35. a4 a6 36. Kh2 b5 37. axb5 axb5 38. Qxc5 Kg7 39. Qe5+ Kg8 40. h4 Ra6 41. Qxb5 Re6 42. Rd7 Rfe8 43.
Qf1 Rf8 44. Qf4 Kg7 45. Kh3 Kg8 46. Qh6 Ree8 47. g4 Re3+ 48. Kg2 Re2+ 49. Kf3 Re5 50. Kf4 Ra5 51. Rd5 Ra4+ 52. Kf3 Rxg4 53. Rg5 Rxh4 54.
Kg3 Ra4 55. Rxg6+ fxg6 56. Qxg6+ Kh8 57. Qh6+ Kg8 58. Qg6+ Kh8 59. Qh6+ Kg8 60. Qe6+ Kg7 61. Qe5+ Kg6 62. Qe6+ Rf6 63. Qe8+ Kh6 64. Qxa4 Kg6 65. Qe4+ Rf5 66. Kh4 Kf6 67. Qc6+ Kg7 68. Qd7+ Kg6 69.
Qe8+ Kf6 70. Qf8+ Kg6 71. Qg8+ Kf6 72. Qf8+ Kg6 73. Qg8+ Kf6 74. Qh8+ Kg6 75. Qd4 Rf7 76. Qd6+ Rf6 77. Qe5 Rf5 78. Qe8+ Kf6 79. Qg8 Ke5 80. Qg7+ Ke6 81. Qg6+ Ke5 82. Qg3+ Kf6 83. Qg8 Ke5 84.
Kh3 Kf6 85. Kg3 Ke5 86. Qg7+ Ke6 87. Kh4 Kd5 88. Qe7 Kd4 89. Qe6 Re5 90. Qf6 Ke4 91. Kg3 Rf5 92. Qe6+ Re5 93. Qg6+ Rf5 94. Qg7 Kd5 95. Kh4 Ke6 96. Qg6+ Ke5 97. Kg3 Ke4 98. Qe8+ Kd5 99. Qe3 Kd6 100. Qe4 Re5 101. Qf4 Ke6 102. Kh4 Rf5 103. Qh6+ Ke5 104. Qh8+ Ke4 105. Qg7 Kd5 106. Qg6 Ke5 1/2-1/2

[Event "Late-Titled-Tuesday-Blitz-February-13-2024"]
[Site "Chess.com"]
[Date "2024.02.13"]
[Round "11"]
[White "LyonBeast"]
[Black "Jospem"]
[Result "1/2-1/2"]
[WhiteElo "3184"]
[BlackElo "3054"]
[TimeControl "180+1"]
[EndTime "16:09:01 PST"]
[Termination "Game drawn by 50-move rule"]

1. e4 e5 2. Nf3 Nc6 3. Bb5 a6 4.
Ba4 Nf6 5. O-O Be7 6. Re1 b5 7. Bb3 d6 8. c3 O-O 9. h3 Be6 10. d4 Bxb3 11. axb3 h6 12. d5 Nb8 13. Nbd2 c6 14. dxc6 Nxc6 15. Nf1 Re8 16. Ng3 Bf8 17. Nh2 d5 18. exd5 Qxd5 19. Ng4 Qe6 20. Qf3 Nxg4 21. hxg4 a5 22. g5 hxg5 23. Bxg5 Rac8 24. Re4 g6 25. Rh4 f5 26. Rd1 Bg7 27. Rd5 Nd4 28. Rdxd4 exd4 29. cxd4 Rc2 30. Kh2 Rxb2 31. d5 Qe5 32. Be3 Rxb3 33. Qd1 Rb4 34. Rxb4 axb4 35. Qd2 Rd8 36. Qxb4 Qxd5 37.
Bg5 Re8 38. Bf4 Bf8 39. Qb2 Bg7 40. Qb4 Be5 41. Ne2 Qc4 42. Qd2 Bf6 43. Be3 b4 44. Nf4 Be5 45. g3 Qf7 46. Qxb4 g5 47. Nh3 f4 48.
gxf4 gxf4 49. Bxf4 Bg7 50. Bg3 Qd5 51. Nf4 Qf7 52. Qb6 Re5 53. Qc6 Kh7 54. Qc2+ Qf5 55.
Qxf5+ Rxf5 56. Nh3 Ra5 57. Kg2 Kg6 58. Nf4+ Kf5 59.
Ne2 Ra4 60. Ng1 Bf6 61. Nf3 Kg4 62. Nh2+ Kf5 63. Nf3 Be7 64. Nh2 Ra3 65. Nf3 Ke4 66. Nd2+ Kd5 67. Nf3 Rd3 68. Ne1 Rb3 69. Nf3 Ba3 70.
Nd2 Rd3 71. Nf3 Bc1 72. Ng1 Rb3 73. Ne2 Bg5 74. Ng1 Ke4 75. Nh3 Bh6 76. Ng1 Bf4 77. Bxf4 Kxf4 78. Nh3+ Kg4 79. Ng1 Ra3 80. Ne2 Ra8 81.
Ng3 Rg8 82. Ne2 Kf5+ 83. Kf3 Rf8 84. Ng3+ Kg5+ 85. Kg2 Kf4 86. Ne2+ Ke4 87. Ng3+ Kd3 88. Nf1 Ke2 89. Ng3+ Ke1 90. Ne4 Rf7 91. Kg3 Ke2 92. f4 Ke3 93. Ng5 Rxf4 94. Nh3 Rf8 95. Kg4 Rg8+ 96.
Ng5 Ra8 97. Kf5 Ra5+ 98. Kf6 Rb5 99. Ne6 Ke4 100. Ng5+ Kd5 101. Nf7 Rb7 102. Ng5 Ra7 103. Kf5 Ra8 104. Kf6 Rf8+ 105. Nf7 Rb8 106. Ke7 Rb1 107. Kf6 Rf1+ 108. Ke7 Rf5 109. Nd8 Re5+ 110. Kd7 Rh5 111. Nf7 Rf5 112. Ke7 Rf3 113. Nd8 Re3+ 114. Kd7 Ke5 115. Ke7 Re1 116. Nf7+ Kf5+ 117. Kd7 Rd1+ 118. Ke7 Re1+ 119. Kd7 Kf6 120. Nd6 Rd1 121. Kc6 Ke5 122. Nc4+ Kd4 123. Nd6 Rd2 124. Nb5+ Ke5 125. Nc7 Rc2+ 126. Kd7 Rc3 127. Ne8 Rd3+ 128. Ke7 Re3 129. Kd7 Rd3+ 130. Ke7 Rd1 131. Nc7 Ra1 132. Kd7 Ra7 133. Kc6 Ra2 134. Kd7 Rh2 135. Kc6 Rh7 136. Nb5 Rh5 137. Kc5 Ke4+ 138. Kc4 Rh4 139. Nc3+ Ke3+ 140. Kc5 Kd2 141. Nd5 Kd3 142. Nb4+ Kc3 143. Nd5+ Kb3 1/2-1/2